 Dungeon Crawl Stone Soup version 0.30.0-10-gfe55d96785 (webtiles) character file.

Game seed: 2779199722600585850

2669 qeuew the Nimble (level 9, -1/45 HPs)
             Began as a Spriggan Hunter on May 15, 2023.
             Was an Initiate of Dithmenos.
             Slain by a +1 spectral quarterstaff (13 damage)
             ... created by Joseph
             ... on level 7 of the Dungeon.
             The game lasted 00:10:20 (5653 turns).

qeuew the Nimble (Spriggan Hunter)                  Turns: 5653, Time: 00:10:21

Health: -1/45      AC:  4    Str:  7    XL:     9   Next: 37%
Magic:  16/16      EV: 29    Int: 12    God:    Dithmenos [......]
Gold:   498        SH:  0    Dex: 21    Spells: 13/17 levels left

rFire   . . .        o - +1 short sword (venom)
rCold   . . .        (no shield)
rNeg    . . .        m - +2 robe {Archmagi}
rPois   .            (helmet restricted)
rElec   .            (no cloak)
rCorr   .            (gloves unavailable)
SInv    +            (boots unavailable)
Will    +....        g - amulet of regeneration
Stlth   ++++         f - +5 ring of evasion
HPRegen 1.07/turn    (no ring)
MPRegen 0.15/turn

%: archmagi
@: very quick
A: very small, no large weapons, unfitting armour, see invisible, speed 3
a: Renounce Religion


You were on level 7 of the Dungeon.
You worshipped Dithmenos.
Dithmenos was noncommittal.
You visited 2 branches of the dungeon, and saw 8 of its levels.

You collected 498 gold pieces.

Inventory:

Hand Weapons
 a - a +0 shortbow
 o - a +1 short sword of venom (weapon)
Missiles
 t - 4 throwing nets
Armour
 m - a +2 robe of the Archmagi (worn)
Jewellery
 f - a +5 ring of evasion (left hand)
 g - an amulet of regeneration (around neck)
Wands
 x - a wand of charming (9)
Scrolls
 e - 2 scrolls of vulnerability
 i - a scroll of fear
 n - 4 scrolls of identify
 p - 2 scrolls of poison {unknown}
 q - a scroll of noise {unknown}
 s - a scroll of enchant weapon {unknown}
 v - a scroll of enchant armour {unknown}
Potions
 c - 2 potions of brilliance
 d - a potion of resistance
 h - 2 potions of degeneration {unknown}
 j - a potion of magic
 k - a potion of invisibility {unknown}
 r - a potion of haste {unknown}
 u - a potion of heal wounds {unknown}
 w - a potion of flight {unknown}


   Skills:
 + Level 3.9 Fighting
 + Level 4.3 Short Blades
 * Level 7.4 Ranged Weapons
 * Level 8.6 Dodging
 + Level 7.0 Stealth
 + Level 4.5 Spellcasting
 + Level 4.2 Hexes


You had 13 spell levels left.
You knew the following spells:

 Your Spells              Type           Power      Damage    Failure   Level
a - Cause Fear            Hex            9%         N/A       34%         4

Your spell library contained the following spells:

 Spells                   Type           Power      Damage    Failure   Level
 Stone Arrow              Conj/Erth      8%         3d7       54%         3
 Animate Armour           Summ/Erth      8%         N/A       91%         4
 Dragon Form              Tmut           2%         N/A       100%        7
 Lehudib's Crystal Spear  Conj/Erth      2%         10d2      100%        8
 Dragon's Call            Summ           2%         N/A       100%        9


Dungeon Overview and Level Annotations

Branches:
Dungeon (7/15)             Temple (1/1) D:6

Altars:
Dithmenos
Elyvilon
Fedhas
Nemelex Xobeh
Okawaru
Qazlal
Ru
Uskayaw
Vehumet
Wu Jian
Xom
Yredelemnul
The Shining One

Shops:
D:4 *

Annotations:
D:7 1 runed translucent door, Joseph; TheFallenCrow's ghost, novice DsCK


Innate Abilities, Weirdness & Mutations

You are very small and have problems with some larger weapons.
You are too small for most types of armour.
You have supernaturally acute eyesight. (SInv)
You cover ground extremely quickly. (Speed+++)


Message History

Joseph says, "You will never get the ORB, sorry."
Joseph closely misses you.
The +1 spectral quarterstaff completely misses you.
Unknown command.
You hit Joseph.
Joseph looks as sick as possible!
You punch Joseph, but do no damage.
Joseph is moderately wounded.
Joseph completely misses you.
The +1 spectral quarterstaff misses you.
Unknown command.
You barely miss Joseph.
Joseph is moderately wounded.
Joseph barely misses you.
The +1 spectral quarterstaff misses you.
Unknown command.
You hit Joseph but do no damage.
Joseph looks as sick as possible!
Joseph is heavily wounded.
Unknown command.
You hit Joseph.
Joseph looks as sick as possible!
Joseph is heavily wounded.
Joseph hits you with a +1 spectral quarterstaff!
* * * LOW HITPOINT WARNING * * *
The +1 spectral quarterstaff closely misses you.
Unknown command.
You feel better. Joseph completely misses you.
The +1 spectral quarterstaff barely misses you.
Unknown command.
You hit Joseph.
Joseph looks as sick as possible!
Joseph is heavily wounded.
Joseph completely misses you. The +1 spectral quarterstaff hits you!
* * * LOW HITPOINT WARNING * * *
Unknown command.
You feel better.
Joseph tries to grin evilly.
Joseph completely misses you.
The +1 spectral quarterstaff closely misses you.
You closely miss Joseph.
Joseph is severely wounded.
Joseph barely misses you. The +1 spectral quarterstaff hits you!
You die...

##.. #...
....#######$.#
..........#..##
..........#...+
#........#...
#........#.§# ##
+..##...##.§##..#
#..##...##.§....+
#.......§>§@....#
#####..##...§..(@..!#
#..###'##..............
#......#...............
#......#........##..##.
#......##...##..# ###
#......##...##...
#..######.........
##..##


You could see Joseph (extremely poisoned) and a +1 spectral quarterstaff
(wandering).

Vanquished Creatures
  Sigmund (D:3)
  A water moccasin (D:6)
  An ice beast (D:6)
  A sky beast (D:4)
  2 ogres
  3 centaurs (D:6)
  3 kobold brigands (D:6)
  3 gnoll sergeants (D:6)
  A bullfrog (D:7)
  A scorpion (D:4)
  4 killer bees (D:5)
  A howler monkey (D:5)
  4 orc priests (D:6)
  9 hounds
  3 jellies
  A gnoll bouda (D:4)
  3 sleepcaps
  4 iguanas
  2 orc wizards (D:6)
  17 gnolls
  7 adders
  A shadow imp (D:6)
  2 white imps
  4 ufetubi
  4 worms (D:4)
  4 dart slugs
  7 orcs
  3 ball pythons
  A bat (D:1)
  8 endoplasms
  9 giant cockroaches
  7 goblins
  8 hobgoblins
  3 quokkas
  3 frilled lizards
  13 kobolds
  3 rats
152 creatures vanquished.

Notes
Turn   | Place    | Note
-------+----------+-------------------------------------------
     0 | D:1      | qeuew the Spriggan Hunter began the quest for the Orb.
     0 | D:1      | Reached XP level 1. HP: 10/10 MP: 2/2
    55 | D:1      | Reached skill level 3 in Dodging
   159 | D:1      | Reached XP level 2. HP: 15/15 MP: 3/3
   171 | D:1      | Found a faded altar of an unknown god.
   492 | D:2      | Reached XP level 3. HP: 18/18 MP: 4/4
  1107 | D:2      | Reached XP level 4. HP: 23/23 MP: 5/5
  1349 | D:3      | Reached skill level 4 in Dodging
  1419 | D:3      | Noticed Sigmund
  1434 | D:3      | Killed Sigmund
  1435 | D:3      | Reached skill level 1 in Short Blades
  1435 | D:3      | Reached skill level 5 in Ranged Weapons
  1435 | D:3      | Reached skill level 1 in Spellcasting
  1435 | D:3      | Reached XP level 5. HP: 17/26 MP: 5/8
  1494 | D:3      | Learned a level 4 spell: Cause Fear
  1918 | D:3      | Found an ornate altar of the Wu Jian Council.
  2194 | D:4      | Reached XP level 6. HP: 30/30 MP: 9/9
  2230 | D:4      | Found Minnep's Gadget Gallery.
  2286 | D:4      | Reached skill level 5 in Dodging
  2378 | D:4      | Reached skill level 1 in Hexes
  2557 | D:4      | Noticed a sky beast
  2564 | D:4      | Killed a sky beast
  2565 | D:4      | Reached XP level 7. HP: 35/35 MP: 11/11
  3068 | D:5      | Entered Level 5 of the Dungeon
  3171 | D:5      | Reached skill level 6 in Dodging
  3191 | D:5      | Reached skill level 5 in Stealth
  3273 | D:5      | Identified the +0 ring mail of Geseqi {Harm Int+2 Stlth+}
  3598 | D:5      | Reached XP level 8. HP: 40/40 MP: 13/13
  3860 | D:6      | Reached skill level 7 in Dodging
  4478 | D:6      | Reached XP level 9. HP: 38/44 MP: 16/16
  4480 | D:6      | Reached skill level 8 in Dodging
  4887 | D:6      | Found a staircase to the Ecumenical Temple.
  4897 | Temple   | Entered the Ecumenical Temple
  4984 | Temple   | Became a worshipper of Dithmenos the Shadowed
  5521 | D:7      | Found a runed translucent door.
  5521 | D:7      | Found a shimmering altar of Xom.
  5521 | D:7      | Noticed TheFallenCrow's ghost (novice DsCK)
  5522 | D:7      | Noticed a +0 mace of chaos
  5627 | D:7      | Noticed Joseph
  5653 | D:7      | Slain by a +1 spectral quarterstaff

Illustrated notes

Levels and vault maps discovered:
D:1:      minmay_arrival_three_doors, layout_basic,
          hellmonk_ecumenical_altar_run_dry, corner_web_ring
D:2:      layout_basic, minmay_tromino_v4_a
D:3:      layout_loops_ring, lemuel_crystal_altar, chequers_decorated_corner,
          minmay_misc_feat_chi, dk_noncrumbling_2, item_on_display_a,
          uniq_sigmund
D:4:      minmay_inner_zag, layout_basic, minmay_misc_feat_room,
          nicolae_shop_gadgets
D:5:      layout_loops_ring
D:6:      kennysheep_housing_project, layout_cave_pools, temple_hall
D:7:      layout_gridville, ebering_ghost_xom, uniq_joseph
Temple:   regret_index_temple_sphere_string

Skill      XL: |  1  2  3  4  5  6  7  8  9 |
---------------+----------------------------+-----
Dodging        | 3 4 5 6 7 8 |  8.6
Stealth        | 2 3 4 5 6 7 |  7.0
Fighting       | 2 3 |  3.9
Short Blades   | 1 2 3 4 |  4.3
Ranged Weapons | 5 6 7 |  7.4
Spellcasting   | 1 2 3 4 |  4.5
Hexes          | 1 2 3 4 |  4.2

Action                     |  1- 3 |  4- 6 |  7- 9 || total
---------------------------+-------+-------+-------++-------
  Melee: Short sword       |       |       |    21 ||    21
         Punch             |       |       |     1 ||     1
   Fire: Shortbow          |    88 |   149 |   431 ||   668
    Use: Scroll            |     3 |     4 |     7 ||    14
         Potion            |     3 |     1 |     4 ||     8
 Armour: Robe              |       |     3 |    18 ||    21
  Dodge: Dodged            |    22 |    94 |   397 ||   513
